 Dungeon Crawl Stone Soup version 0.14-a0-2071-g7172c92 (webtiles) character file.

499 Jenx the Slasher (level 6, -15/42 HPs)
             Began as a Formicid Fighter on Jan 23, 2014.
             Demolished by an ogre
             ... wielding a cursed -3,-2 giant club
              (25 damage)
             ... on Level 4 of the Dungeon.
             The game lasted 00:09:51 (3504 turns).

Jenx the Slasher (Formicid Fighter)                 Turns: 3504, Time: 00:09:52

HP -15/42        AC 11     Str 21      XL: 6   Next: 80%
MP   6/6         EV  5     Int  7      God:
Gold 223         SH 19     Dex 15      Spells:  0 memorised,  5 levels left

rFire  . . .     SeeInvis +     a - +0 long sword
rCold  . . .     Clarity  .     v - +0 orc chain mail
rNeg   . . .     Conserve +     c - +0 shield
rPois  x         rCorr    .     (helmet unavailable)
rElec  .         rRot     .     (no cloak)
SustAb + .       Spirit   .     (no gloves)
rMut   .         Warding  .     b - +0 pair of boots (curse)
Saprov . . .     Stasis   +     j - amulet of conservation
MR     .....                    x - +3 ring of dexterity
                                k - ring of sustain abilities

@: not resistant to hostile enchantments, extremely unstealthy
A: permanent stasis, dig shafts and tunnels, four strong arms, poison weakness,
antennae 3, exoskeleton 1
a: Dig, Shaft Self


You were on level 4 of the Dungeon.
You were hungry.

You visited 1 branch of the dungeon, and saw 4 of its levels.

You collected 223 gold pieces.

Inventory:

Hand weapons
 a - a +0,+0 long sword (weapon)
Missiles
 u - 8 javelins
 y - 2 large rocks (quivered)
Armour
 b - a cursed +0 pair of boots (worn)
 c - a +0 shield (worn)
 v - a +0 orcish chain mail (worn)
Magical devices
 e - a wand of frost (8)
Comestibles
 d - 5 bread rations
 f - a rambutan
 l - a pear
 F - 4 chunks of gnoll flesh
 G - 2 chunks of jackal flesh
Scrolls
 g - 5 scrolls of identify
 i - 3 scrolls of amnesia {unknown}
 m - a scroll of enchant armour {unknown}
 n - 2 scrolls of curse armour {unknown}
 o - 5 scrolls of teleportation {unknown}
 p - 5 scrolls of remove curse {unknown}
 w - a scroll of recharging {unknown}
 A - a scroll of fear {unknown}
 E - 2 scrolls of random uselessness {unknown}
Jewellery
 j - an amulet of conservation (around neck)
 k - a ring of sustain abilities (left hand)
 x - a +3 ring of dexterity (right hand)
Potions
 h - a potion of lignification {unknown}
 q - 3 potions of heal wounds {unknown}
 r - a potion of berserk rage {unknown}
 s - a potion of speed {unknown}
 t - 4 potions of curing {unknown}
 C - a potion of confusion {unknown}
 D - a potion of mutation {unknown}


   Skills:
 - Level 3.0 Fighting
 * Level 6.2 Long Blades
 + Level 0.7 Throwing
 - Level 3.6 Armour
 - Level 3.0 Shields


You had 5 spell levels left.
You didn't know any spells.

Dungeon Overview and Level Annotations

Branches:
Dungeon (4/16)
 Temple: D:4-7

Altars:
Elyvilon
Makhleb
Xom
the Shining One

Shops:
D:4 }


Innate Abilities, Weirdness & Mutations

Your are under a permanent stasis effect.
You can dig through walls and to a lower floor.
Your four strong arms can wield any weapon, most with a shield.
You are susceptible to poison.
You have a pair of large antennae on your head (SInv).
Your body is surrounded by an exoskeleton. (AC +1)


Message History

You throw a large rock. The large rock misses the ogre.
You slash the ogre!
The ogre is lightly wounded.
You block the ogre's attack.
You slash the ogre!
The ogre is heavily wounded.
You block the ogre's attack.
You hit the ogre.
The ogre is heavily wounded.
The ogre hits you with a giant club!
You slash the ogre!
The ogre is severely wounded.
The ogre hits you with a giant club!
* * * LOW HITPOINT WARNING * * *
You hit the ogre.
The ogre is almost dead.
You are feeling hungry.
The ogre hits you with a giant club!
Ouch! That really hurt!
You die...

... #.#........
#....... #.#........
#......# #.####.....
#......# #_#{ #.....
#.(....# ### #...##
#......####{####...#
#.........###......#
#...O..............#
#...@..............##
#....................
#.............#######
#....########.# #
#....# #.# # #....#
#.# # #....# #.# #
#..<.########.#######
#....................


You could see an ogre.

Vanquished Creatures
  A giant frog skeleton (D:4)
  A worker ant (D:4)
  Ijyb (D:3)
  Terence (D:3)
  A hound skeleton (D:4)
  7 adders (D:2)
  A gnoll (D:4)
  A worm (D:3)
  4 giant geckos
  An ooze (D:1)
  8 orcs
  7 bats
  8 goblins
  7 hobgoblins
  8 jackals
  A ball python (D:2)
  9 giant cockroaches
  6 giant newts
  5 kobolds
  An orc skeleton (D:4)
  A quokka (D:2)
  9 rats
89 creatures vanquished.

Notes
Turn   | Place    | Note
--------------------------------------------------------------
     0 | D:1      | Jenx, the Formicid Fighter, began the quest for the Orb.
     0 | D:1      | Reached XP level 1. HP: 16/16 MP: 1/1
    59 | D:1      | Reached XP level 2. HP: 14/21 MP: 2/2
   317 | D:1      | Reached XP level 3. HP: 21/26 MP: 3/3
   765 | D:1      | Reached XP level 4. HP: 27/31 MP: 4/4
  1024 | D:2      | Reached skill level 4 in Long Blades
  1075 | D:2      | Found a shimmering altar of Xom.
  1480 | D:2      | Reached XP level 5. HP: 31/36 MP: 5/5
  2016 | D:2      | Reached skill level 5 in Long Blades
  2602 | D:3      | Noticed Terence
  2605 | D:3      | Killed Terence
  2605 | D:3      | Reached XP level 6. HP: 42/42 MP: 6/6
  2660 | D:3      | Found a glowing golden altar of the Shining One.
  2928 | D:3      | Found a white marble altar of Elyvilon.
  2944 | D:3      | Noticed Ijyb
  2955 | D:3      | Killed Ijyb
  3130 | D:4      | Found a burning altar of Makhleb.
  3208 | D:4      | Reached skill level 6 in Long Blades
  3259 | D:4      | Found Lelyz's Gadget Shop.
  3496 | D:4      | Noticed an ogre
  3504 | D:4      | Demolished by an ogre

Action                   |  1- 3 |  4- 6 || total
-------------------------+-------+-------++-------
Melee: Falchion          |   143 |   125 ||   268
       Long sword        |       |    88 ||    88
Throw: Tomahawk          |       |     9 ||     9
       Javelin           |       |     5 ||     5
       Large rock        |       |     9 ||     9
 Abil: Dig               |       |     1 ||     1
  Use: Scroll            |       |     2 ||     2
